 Dungeon Crawl Stone Soup version 0.31-a0-162-gc4c5a43528 (webtiles) character file.

Game seed: 9550010244304184636

366 Elmgren the Skirmisher (level 6, 0/50 HPs)
             Began as a Minotaur Hunter on June 11, 2023.
             Succumbed to a water moccasin's poison
             ... on level 4 of the Dungeon on June 13, 2023.
             The game lasted 00:05:13 (2482 turns).

Elmgren the Skirmisher (Minotaur Hunter)            Turns: 2482, Time: 00:05:13

Health: 0/50       AC:  5    Str: 17    XL:     6   Next: 40%
Magic:  5/5        EV: 12    Int:  6    God:
Gold:   227        SH:  5    Dex: 14    Spells: 5/5 levels left

rFire   . . .        a - +0 shortbow
rCold   . . .        (shield currently unavailable)
rNeg    . . .        c - +0 leather armour
rPois   .            (helmet restricted)
rElec   .            h - +0 cloak
rCorr   .            (no gloves)
SInv    .            l - +0 pair of boots
Will    .....        g - amulet of reflection
Stlth   +            (no ring)
HPRegen 0.28/turn    (no ring)
MPRegen 0.09/turn

%: reflection
@: lethally poisoned (0 -> -22)
A: horns 2, retaliatory headbutt
a: no special abilities


You were on level 4 of the Dungeon.
You visited 1 branch of the dungeon, and saw 5 of its levels.

You collected 227 gold pieces.

Inventory:

Hand Weapons
 a - a +0 shortbow (weapon)
Armour
 c - a +0 leather armour (worn)
 h - a +0 cloak (worn)
 l - a +0 pair of boots (worn)
Jewellery
 g - an amulet of reflection (around neck)
Scrolls
 b - a scroll of butterflies
 d - 2 scrolls of immolation
 f - 3 scrolls of identify
 i - a scroll of revelation
 m - 3 scrolls of amnesia {unknown}
 n - 2 scrolls of teleportation {unknown}
 o - a scroll of blinking
Potions
 e - 2 potions of attraction {unknown}
 j - 2 potions of curing
 k - a potion of ambrosia {unknown}
 p - a potion of cancellation {unknown}
 q - a potion of haste {unknown}


   Skills:
 - Level 2.4 Fighting
 + Level 8.5 Ranged Weapons
 - Level 2.1 Dodging
 - Level 0.7 Stealth


You had 5 spell levels left.
You didn't know any spells.
Your spell library contained the following spells:

 Spells                   Type           Power      Damage    Failure   Level
 Sublimation of Blood     Necr           0%         N/A       67%         2
 Petrify                  Tmut/Erth      0%         N/A       99%         4
 Irradiate                Conj/Tmut      0%         3d11      100%        5


Dungeon Overview and Level Annotations

Branches:
Dungeon (5/15)
 Temple: D:4-7

Altars:
Kikubaaqudgha


Innate Abilities, Weirdness & Mutations

You have a pair of horns on your head.
You reflexively headbutt those who attack you in melee.


Message History

You shoot an arrow. The arrow hits the water moccasin!
The water moccasin is severely wounded.
You feel sick.
You are no longer poisoned.
You block the water moccasin's attack. You block the adder's attack.
The water moccasin barely misses you.
You climb downwards.
Found 2 scrolls labelled DIOTAC FORCHIS.
There is a stone staircase leading up here.
The adder bites you but does no damage. You block the water moccasin's attack.
The adder barely misses you.
You climb upwards.
There is a stone staircase leading down here.
The water moccasin bites you but does no damage.
The adder misses you. You furiously retaliate!
You headbutt the adder.
You climb downwards.
There is a stone staircase leading up here.
The water moccasin closely misses you. The adder bites you but does no damage.
The water moccasin bites you but does no damage.
You climb upwards.
There is a stone staircase leading down here.
Fire: a) +0 shortbow
Press: ? - help, Q - select action Shift-Dir - straight line, f - adder
Aim: an adder (heavily wounded, 48% to hit)
You shoot an arrow. The arrow hits the adder.
The adder is severely wounded.
You block the adder's attack. You block the water moccasin's attack.
You shoot an arrow. The arrow closely misses the adder.
The adder bites you.
* * * LOW HITPOINT WARNING * * *
The water moccasin bites you but does no damage.
The adder bites you.
* * * LOW HITPOINT WARNING * * *
You are poisoned.
The adder poisons you! The water moccasin bites you.
* * * LOW HITPOINT WARNING * * *
You are more poisoned.
The water moccasin poisons you!
You shoot an arrow. The arrow hits the adder!
You kill the adder!
You die...

.#......#.#.####.....#
.#.##...#†....##.#####
.#.###...<#.#.##.#
.#.#......#.#.##.#
...#.######.#.##.#
.###.# #.....##.#
.....# #.#.####.#
#########...####S#
................@#
######.########### #'#
#.......# #........#
#........# #........#
.........#
..#.........


You could see a water moccasin.

Vanquished Creatures
  An ogre (D:4)
  A hound (D:4)
  Terence (D:3)
  An orc wizard (D:3)
  An iguana (D:4)
  A gnoll (D:1)
  8 adders
  An ufetubus (D:4)
  A worm (D:2)
  3 dart slugs
  7 orcs
  4 ball pythons
  6 bats
  7 endoplasms
  3 giant cockroaches
  8 hobgoblins
  6 jackals (D:3)
  3 kobolds
  8 quokkas
  4 frilled lizards
  6 goblins
  7 rats
88 creatures vanquished.

Notes
Turn   | Place    | Note
-------+----------+-------------------------------------------
     0 | D:1      | Elmgren the Minotaur Hunter began the quest for the Orb.
     0 | D:1      | Reached XP level 1. HP: 18/18 MP: 0/0
    20 | D:1      | Reached XP level 2. HP: 19/25 MP: 1/1
    21 | D:1      | Reached skill level 5 in Ranged Weapons
   769 | D:2      | Reached XP level 3. HP: 30/30 MP: 2/2
   842 | D:2      | Reached skill level 6 in Ranged Weapons
   872 | D:2      | Found an ancient bone altar of Kikubaaqudgha.
   878 | D:2      | Reached XP level 4. HP: 37/37 MP: 3/3
   991 | D:2      | Identified the +4 mace of Leumiwny {vamp, rPois rCorr Int-5
                  | SInv}
  1302 | D:2      | Upgraded the game from 0.31-a0-152-g6aa68a64a1 to
                  | 0.31-a0-162-gc4c5a43528
  1463 | D:3      | Noticed Terence
  1497 | D:3      | Killed Terence
  1498 | D:3      | Reached skill level 7 in Ranged Weapons
  1498 | D:3      | Reached XP level 5. HP: 6/42 MP: 4/4
  2234 | D:4      | Noticed an ogre
  2261 | D:4      | Killed an ogre
  2262 | D:4      | Reached skill level 8 in Ranged Weapons
  2262 | D:4      | Reached XP level 6. HP: 49/50 MP: 5/5
  2449 | D:4      | Noticed a water moccasin
  2473 | D:5      | Entered Level 5 of the Dungeon
  2482 | D:4      | Succumbed to a water moccasin's poison

Illustrated notes

Levels and vault maps discovered:
D:1:      dpeg_arrival_solitude, layout_basic
D:2:      layout_rooms, basic_altar
D:3:      layout_rooms, uniq_terence
D:4:      layout_basic, minmay_temple_entry_large_hall, minmay_fire_ice_demons
D:5:      layout_loops_cross, grunt_gozag_breadcrumbs, mainiacjoe_overflow_paths

Skill      XL: |  1  2  3  4  5 |
---------------+----------------+-----
Ranged Weapons | 5 6 7 8 |  8.5
Fighting       | |  2.4
Dodging        | |  2.1
Stealth        | |  0.7

Action                     |  1- 3 |  4- 6 || total
---------------------------+-------+-------++-------
   Fire: Shortbow          |    93 |   217 ||   310
    Use: Scroll            |       |     5 ||     5
 Armour: Leather armour    |     3 |    33 ||    36
  Dodge: Dodged            |    15 |    58 ||    73
  Block: Other             |     3 |    33 ||    36
         Reflection        |       |     1 ||     1

Table legend: (Time is in decaauts)
 A = Elapsed time spent in this place.
 B = Non-inter-level travel time spent in this place.
 C = Inter-level travel time spent in this place.
 D = Time resting spent in this place.
 E = Time spent auto-exploring this place.
 F = Levels seen in this place.
 G = Mean time per level.
                   A        B        C        D        E       F      G
               +--------+--------+--------+--------+--------+-----+--------+
         Total |   2515 |   2421 |     94 |    189 |   1630 |   5 |  503.0 |
       Dungeon |   2515 |   2421 |     94 |    189 |   1630 |   5 |  503.0 |
               +--------+--------+--------+--------+--------+-----+--------+

Top non-repeatable levels by time:
     D:1: 775 daAuts
     D:2: 759 daAuts
     D:3: 667 daAuts
     D:4: 308 daAuts
     D:5: 4 daAuts
